 Dungeon Crawl Stone Soup version 0.17.1-1-g73c8601 (webtiles) character file.

688 DeXoteric the Conjurer (level 7, -9/50 HPs)
             Began as a White Draconian Conjurer on Dec 12, 2015.
             Was an Initiate of Vehumet.
             Killed by divine providence
             ... invoked by an orc priest
              (13 damage)
             ... on level 5 of the Dungeon on Dec 13, 2015.
             The game lasted 00:23:33 (6653 turns).

DeXoteric the Conjurer (White Draconian Conjurer)   Turns: 6653, Time: 00:23:33

Health: -9/50      AC: 10    Str: 11    XL:     7   Next: 36%
Magic:  6/13       EV: 12    Int: 17    God:    Vehumet [......]
Gold:   354        SH:  0    Dex: 11    Spells: 4 memorised, 2 levels left

rFire  + . .     SeeInvis .     k - +1 whip
rCold  + . .     Clarity  .     (armour unavailable)
rNeg   . . .     SustAt   .     (no shield)
rPois  .         Gourm    .     (helmet restricted)
rElec  .         Spirit   .     B - +1 cloak
rCorr  .         Warding  .     (no gloves)
rMut   .         Stasis   .     A - +1 pair of boots
MR     .....                    (no amulet)
Stlth  +++.......               y - ring of stealth
                                l - ring of protection from fire

@: not resistant to hostile enchantments, fairly stealthy
A: breathe frost, unfitting armour, cold resistance 1, cold-blooded, AC +6
a: Breathe Frost, Renounce Religion


You were on level 5 of the Dungeon.
You worshipped Vehumet.
Vehumet was noncommittal.
You were not hungry.

You visited 2 branches of the dungeon, and saw 6 of its levels.

You collected 354 gold pieces.

Inventory:

Hand Weapons
 k - a +1 whip (weapon)
Armour
 A - a +1 pair of boots (worn)
 B - a +1 cloak (worn)
Jewellery
 l - a ring of protection from fire (left hand)
 y - a ring of stealth (right hand)
Wands
 m - a wand of flame (29)
Scrolls
 f - a scroll of identify
 n - a scroll of noise {unknown}
 p - a scroll of recharging
 r - 2 scrolls of magic mapping
 s - a scroll of teleportation
 t - 2 scrolls of enchant armour
 w - a scroll of enchant weapon
 z - a scroll of amnesia {unknown}
Potions
 c - 2 potions of might
 d - a potion of cancellation
 e - a potion of heal wounds {unknown}
 g - a potion of mutation {unknown}
 i - a potion of lignification {unknown}
 j - 3 potions of brilliance {unknown}
 q - a potion of curing {unknown}
 u - a potion of invisibility {unknown}
 v - 2 potions of haste
Books
 a - a book of Conjurations

   Spells                             Type                      Level
   a - Magic Dart                     Conjuration                  1
   b - Searing Ray                    Conjuration                  2
   c - Dazzling Spray                 Conjuration/Hexes            3
   d - Fulminant Prism                Conjuration/Hexes            4
   e - Iskenderun's Mystic Blast      Conjuration                  4
   f - Iskenderun's Battlesphere      Conjuration/Charms           5
Comestibles
 b - 2 bread rations
 h - a beef jerky
 o - a meat ration
 x - 5 chunks of flesh


   Skills:
 - Level 1.7 Dodging
 - Level 1.7 Stealth
 + Level 4.2 Spellcasting
 * Level 7.6 Conjurations
 + Level 2.0 Charms


You had 2 spell levels left.
You knew the following spells:

 Your Spells              Type           Power        Failure   Level  Hunger
a - Magic Dart            Conj           ####         1%          1    None
b - Iskenderun's Mystic   Conj           ####....     10%         4    ####...
e - Iskenderun's Battles  Conj/Chrm      ###.....     71%         5    ######.
s - Searing Ray           Conj           ####..       1%          2    ##.....


Dungeon Overview and Level Annotations

Branches:
Dungeon (5/15)             Temple (1/1) D:5

Altars:
Ashenzari
Cheibriados
Dithmenos
Elyvilon
Fedhas
Gozag
Makhleb
Nemelex Xobeh
Okawaru
Qazlal
Ru
Trog
Vehumet
Xom
Zin
The Shining One

Annotations:
D:3 serq's ghost, amateur MfGl


Innate Abilities, Weirdness & Mutations

You can breathe waves of freezing cold.
You can buffet flying creatures when you breathe cold.
Your icy white scales are hard (AC +6).
Your body does not fit into most forms of armour.
Your flesh is cold resistant.
You are cold-blooded and may be slowed by cold attacks.


Message History

The orc hits you but does no damage.
You see here an arrow.
The orc hits you but does no damage.
The centaur shoots an arrow.
The arrow barely misses you.
You see here an arrow.
Drink which item? (? for menu, Esc to quit)
Okay, then.
Read which item? (? for menu, Esc to quit)
Okay, then.
Okay, then.
The centaur shoots an arrow.
The arrow hits you.
* * * LOW HITPOINT WARNING * * *
The arrow burns you.
* * * LOW HITPOINT WARNING * * *
You see here an arrow.
The orc priest miscasts a cantrip.
Your magical contamination has completely faded away.
The orc priest invokes the aid of Beogh against you.
Something smites you!
You die...

................#.##...o#####.#..
.............####.###............
..............#........#####..##.
.....................#. #..##.
............#).##.##... ###...#.
###..####...#.###.##..# #...#...
...## #..###.###.#...# ##.#####.
.#### #)####.##..#....##..# #.
#)##...##d##.......## ##
##.##.####o##...##..#######
#..##.# #.##...##..##.....
#.###.# #o##...##c.(......
#.....# #.##...##.##......
#######..#######.##...##.###.....
............)...........(........
###.........#.....##(..#####.....
#.........#.....#..### #.....


You could see an orc priest and an orc.

Vanquished Creatures
  Sigmund (D:5)
  2 centaurs
  2 hounds
  A gnoll shaman (D:4)
  An orc wizard (D:5)
  A worker ant (D:4)
  9 gnolls
  5 adders
  3 worms
  3 giant geckos
  2 orcs (D:5)
  3 ball pythons
  6 giant cockroaches
  15 hobgoblins
  7 jackals
  5 kobolds
  5 quokkas
  11 bats
  A giant gecko skeleton (D:4)
  2 giant newts
  10 goblins
  A jackal skeleton (D:4)
  5 rats
101 creatures vanquished.

Notes
Turn   | Place    | Note
--------------------------------------------------------------
     0 | D:1      | DeXoteric the Draconian Conjurer began the quest for the Orb.
     0 | D:1      | Reached XP level 1. HP: 14/14 MP: 3/3
   154 | D:1      | Reached XP level 2. HP: 20/20 MP: 0/5
   615 | D:1      | Learned a level 2 spell: Searing Ray
   808 | D:1      | Reached XP level 3. HP: 26/26 MP: 0/6
  1580 | D:2      | Reached skill level 5 in Conjurations
  2221 | D:3      | Reached XP level 4. HP: 33/33 MP: 3/8
  2482 | D:3      | Noticed serq's ghost (amateur MfGl)
  3182 | D:3      | Learned a level 4 spell: Iskenderun's Mystic Blast
  4627 | D:4      | Reached XP level 5. HP: 36/38 MP: 2/9
  5184 | D:4      | Reached skill level 6 in Conjurations
  5667 | D:4      | Reached XP level 6. HP: 45/45 MP: 6/11
  5679 | D:4      | Learned a level 5 spell: Iskenderun's Battlesphere
  5760 | D:5      | Entered Level 5 of the Dungeon
  5760 | D:5      | Noticed a water moccasin
  5793 | D:5      | Noticed Sigmund
  5799 | D:5      | Killed Sigmund
  5799 | D:5      | Reached skill level 7 in Conjurations
  5799 | D:5      | Reached skill level 1 in Charms
  5921 | D:5      | Found a sacrificial altar of Ru.
  6098 | D:5      | Your scales start taking on an icy white colour.
  6098 | D:5      | Gained mutation: Your flesh is cold resistant. [White Draconian growth]
  6098 | D:5      | Reached XP level 7. HP: 28/50 MP: 5/13
  6318 | D:5      | Found a staircase to the Ecumenical Temple.
  6338 | Temple   | Entered the Ecumenical Temple
  6480 | Temple   | Became a worshipper of Vehumet
  6614 | D:5      | HP: 2/50 [orc (3)]
  6640 | D:5      | HP: 2/50 [centaur/arrow (1)]
  6653 | D:5      | Killed from afar by an orc priest

Action                   |  1- 3 |  4- 6 |  7- 9 || total
-------------------------+-------+-------+-------++-------
Melee: Whip              |    24 |    21 |     2 ||    47
       Dagger            |     6 |       |       ||     6
 Cast: Magic Dart        |    85 |   147 |    13 ||   245
       Searing Ray       |     2 |     6 |       ||     8
       Iskenderun's Myst |       |     1 |     3 ||     4
  Use: Scroll            |       |    14 |       ||    14
 Stab: Sleeping          |       |     2 |       ||     2
  Eat: Chunk             |     5 |    13 |     2 ||    20
